 Dungeon Crawl Stone Soup version 0.24.0-123-gd5b16e6ec5 (webtiles) character file.

Game seed: 10129401613512068244, levelgen mode: deterministic

11454 FishyPogo the Protected (level 11, 0/109 HPs)
             Began as a Gargoyle Berserker on Dec 22, 2019.
             Was a High Priest of Trog.
             Slain by a troll (11 damage)
             ... on level 11 of the Dungeon.
             The game lasted 00:43:01 (9275 turns).

FishyPogo the Protected (Gargoyle Berserker)        Turns: 9275, Time: 00:43:01

Health: 0/109      AC: 24    Str: 32    XL:     11   Next: 78%
Magic:  0/11       EV: 12    Int:  8    God:    Trog [*****.]
Gold:   535        SH:  0    Dex:  9    Spells: 10/10 levels left

rFire    + . .     SeeInvis .   a - +3 flail (holy)
rCold    . . .     Gourm    .   (no shield)
rNeg     + . .     Faith    .   j - +4 ring mail {rF+}
rPois    ∞         Spirit   +   i - +0 helmet
rElec    +         Reflect  .   v - +0 cloak
rCorr    .         Harm     .   (no gloves)
MR       +....                  O - +0 pair of boots (curse)
Stlth    ..........             o - amulet of guardian spirit
HPRegen  0.28/turn              r - +3 ring of strength
MPRegen  0.12/turn              K - ring of protection from magic

@: berserking, very quick
A: negative energy resistance 1, electricity resistance, unbreathing,
petrification resistance, rot immunity, AC +8
a: Berserk, Trog's Hand, Brothers in Arms, Renounce Religion


You were on level 11 of the Dungeon.
You worshipped Trog.
Trog was extremely pleased with you.
You were not hungry.

You visited 1 branch of the dungeon, and saw 11 of its levels.

You collected 535 gold pieces.

Inventory:

Hand Weapons
 a - a +3 flail of holy wrath (weapon)
 b - the +3 hunting sling of Trog's Scorn {speed, rF+ Int+3}
   (Trog gifted it to you on level 9 of the Dungeon)

   Attacks with this weapon are significantly faster.
   It affects your intelligence (+3).
   It protects you from fire.
 I - a +1 scimitar of flaming
Missiles
 d - 3 silver boomerangs
 f - 18 poisoned darts (quivered)
 q - 256 stones
 s - 12 boomerangs
 t - 110 sling bullets
 D - a throwing net
 E - 3 javelins
Armour
 i - a +0 helmet (worn)
 j - a +4 ring mail of fire resistance (worn)
 v - a +0 cloak (worn)
 N - a +3 chain mail
 O - a cursed +0 pair of boots (worn)
Jewellery
 o - an amulet of guardian spirit (around neck)
 r - a +3 ring of strength (left hand)
 F - an uncursed ring of protection from fire
 K - a ring of protection from magic (right hand)
Wands
 l - a wand of clouds (7)
 z - a wand of disintegration (20)
 B - a wand of flame (16)
 G - a wand of acid (13)
 J - a wand of random effects (30)
 L - a wand of digging (7)
Scrolls
 e - 8 scrolls of teleportation
 g - 13 scrolls of identify {unknown}
 h - a scroll of enchant weapon
 k - 3 scrolls of fog
 p - 8 scrolls of remove curse
 y - 2 scrolls of amnesia
 P - 2 scrolls of blinking
Potions
 u - a potion of cancellation
 w - 2 potions of curing
 x - 2 potions of invisibility
 H - 3 potions of haste
Comestibles
 c - 18 rations


   Skills:
 + Level 10.8 Fighting
 + Level 8.6 Maces & Flails
 * Level 7.8(7.9) Slings
 - Level 1.5(5.1) Throwing
 * Level 11.0 Armour
 + Level 2.9 Dodging
 - Level 0.3 Stealth


You had 10 spell levels left.
You didn't know any spells.
Your spell library contained the following spells:

 Spells                   Type           Power        Failure   Level  Hunger
 Apportation              Tloc           #.....       50%         1    ##.....
 Summon Butterflies       Summ           #.......     50%         1    ##.....
 Lesser Beckoning         Tloc           #.........   86%         3    ####...
 Tukima's Dance           Hex            #.......     86%         3    ####...
 Alistair's Intoxication  Tmut/Pois      #.......     100%        5    ######.
 Invisibility             Hex            #.......     100%        6    #######


Dungeon Overview and Level Annotations

Branches:
Dungeon (11/15)            Temple (0/1) D:7            Lair (0/6) D:8
    Orc (0/2) D:10

Altars:
Dithmenos
Gozag
Hepliaklqana
Nemelex Xobeh
Okawaru
Sif Muna
Xom
Yredelemnul
Zin
The Shining One

Shops:
D:4 ?%   D:5 ?

Annotations:
D:7 1 exclusion


Innate Abilities, Weirdness & Mutations

You are resistant to torment.
Your stone body is resilient. (AC +8)
You are immune to poison.
You resist negative energy. (rN+)
You are resistant to electric shocks. (rElec)
You can survive without breathing.
You are immune to petrification.
You are immune to rotting.


Message History

The big kobold is severely wounded.
The big kobold hits you but does no damage.
The troll closely misses you.
The troll claws you but does no damage. x2
You barely miss the big kobold.
The big kobold is severely wounded.
The big kobold hits you with a +0 short sword.
* * * LOW HITPOINT WARNING * * *
You bludgeon the big kobold!!
You feel the power of Trog in you as your rage grows.
You kill the big kobold!
Trog accepts your kill. Something appears at your feet!
Trog grants you ammunition! The troll bites you but does no damage.
The troll barely misses you. The troll claws you.
* * * LOW HITPOINT WARNING * * *
You beat the troll like a drum!!!
The troll is almost dead.
The troll bites you!
You die...

### ... . #.# .. #.# ... #.# ....
#.# ..
.....###########T#############..
>........(...()@K..............
...........#######.#########..##
..#######..# #(#########..###
..#######..#######K.....)........
.........................).......
.......#########...######..######
.......# #..(######..#
.......#########...........######
.....<.........K.................


You could see a troll and a kobold.

Vanquished Creatures
  Harold (D:9)
  Erica (D:8)
  A two-headed ogre (D:11)
  2 unseen horrors
  An ugly thing (D:11)
  Joseph (D:10)
  A gargoyle (D:10)
  5 kobold demonologists (D:11)
  A hornet (D:9)
  Prince Ribbit (D:8)
  A hippogriff (D:11)
  Sigmund (D:3)
  A wyvern (D:9)
  Grum (D:8)
  2 wargs (D:8)
  2 water moccasins
  7 orc warriors
  A black bear (D:9)
  2 sky beasts
  2 ice beasts
  4 ogres
  An eye of draining (D:10)
  A necrophage (D:10)
  3 wolves
  3 centaurs
  2 big kobolds
  A gnoll sergeant (D:11)
  6 bullfrogs
  A water moccasin zombie (D:10)
  2 scorpions
  5 wights (D:9)
  2 crimson imps
  A quasit (D:6)
  2 centaur skeletons
  2 jellies
  5 orc priests
  5 hounds
  3 bullfrog skeletons
  5 iguanas
  9 orc wizards
  4 worker ants
  3 killer bee zombies
  A howler monkey zombie (D:7)
  2 worker ant zombies
  12 adders
  14 gnolls
  2 shadow imps
  2 adder skeletons
  3 worms
  3 dart slugs
  3 leopard geckos
  29 orcs
  5 bats
  9 giant cockroaches (D:3)
  9 goblins
  5 hobgoblins
  11 jackals
  14 kobolds
  4 quokkas
  8 frilled lizards
  A jackal zombie (D:6)
  A leopard gecko zombie (D:8)
  3 rats
  A butterfly (D:8)
247 creatures vanquished.

Vanquished Creatures (collateral kills)
  An ogre (D:10)
1 creature vanquished.

Vanquished Creatures (others)
  A plant (D:8)
1 creature vanquished.

Grand Total: 249 creatures vanquished

Notes
Turn   | Place    | Note
-------+----------+-------------------------------------------
     0 | D:1      | FishyPogo the Gargoyle Berserker began the quest for the
                  | Orb.
     0 | D:1      | Reached XP level 1. HP: 14/14 MP: 1/1
   171 | D:1      | Reached XP level 2. HP: 14/19 MP: 2/2
   774 | D:2      | Reached XP level 3. HP: 16/24 MP: 3/3
  1272 | D:3      | Reached XP level 4. HP: 28/29 MP: 4/4
  1386 | D:3      | Reached ** piety under Trog
  1672 | D:3      | Noticed Sigmund
  1739 | D:3      | Killed Sigmund
  1739 | D:3      | Reached skill level 5 in Fighting
  1739 | D:3      | Reached skill level 1 in Throwing
  1739 | D:3      | Reached skill level 3 in Armour
  1739 | D:3      | Reached XP level 5. HP: 10/35 MP: 3/5
  1739 | D:3      | Reached XP level 6. HP: 11/40 MP: 3/6
  1803 | D:3      | Found a glowing silver altar of Zin.
  1949 | D:4      | Reached skill level 1 in Slings
  2055 | D:4      | Found an iron altar of Okawaru.
  2079 | D:4      | Reached XP level 7. HP: 41/44 MP: 7/7
  2206 | D:4      | Reached skill level 5 in Maces & Flails
  2387 | D:4      | Reached *** piety under Trog
  2438 | D:4      | Found a basalt altar of Yredelemnul.
  2438 | D:4      | Found a shimmering blue altar of Sif Muna.
  2446 | D:4      | Found Fedwy's Food Boutique.
  2484 | D:4      | You fall into a shaft and drop 2 floors!
  2504 | D:5      | Entered Level 5 of the Dungeon
  2598 | D:5      | Found a shadowy altar of Dithmenos.
  2622 | D:5      | Found Edeithres's Magic Scroll Shop.
  2640 | D:5      | Found a hazy altar of Hepliaklqana.
  2752 | D:4      | Found Ipsop's Magic Scroll Emporium.
  2940 | D:4      | Reached skill level 4 in Armour
  3150 | D:5      | Found a hazy altar of Hepliaklqana.
  3714 | D:6      | Reached XP level 8. HP: 49/52 MP: 2/8
  4019 | D:5      | Reached skill level 5 in Armour
  4780 | D:7      | Found a staircase to the Ecumenical Temple.
  4825 | D:7      | Reached skill level 6 in Armour
  4928 | D:7      | Reached XP level 9. HP: 57/57 MP: 9/9
  5337 | D:7      | Reached **** piety under Trog
  5467 | D:8      | Noticed Grum
  5474 | D:8      | Noticed Erica
  5491 | D:7      | Reached skill level 7 in Armour
  5546 | D:8      | Found a shimmering altar of Xom.
  5675 | D:8      | Noticed Prince Ribbit
  5677 | D:8      | Found a staircase to the Lair.
  5739 | D:8      | Killed Prince Ribbit
  5739 | D:8      | Reached skill level 8 in Armour
  5796 | D:8      | Killed Erica
  5796 | D:8      | Reached XP level 10. HP: 45/66 MP: 10/10
  5843 | D:8      | Killed Grum
  6137 | D:9      | Reached skill level 5 in Slings
  6146 | D:9      | Got an iridescent hunting sling
  6147 | D:9      | Identified the cursed +1 hunting sling "Zamuwkio"
                  | {velocity, +Blink} (You found it on level 9 of the Dungeon)
  6166 | D:9      | Noticed Harold
  6247 | D:9      | Killed Harold
  6247 | D:9      | Received a gift from Trog
  6247 | D:9      | Reached skill level 9 in Armour
  6441 | D:9      | Reached skill level 10 in Fighting
  6534 | D:9      | Reached ***** piety under Trog
  6700 | D:9      | Received a gift from Trog
  6702 | D:9      | Got a fine hunting sling {god gift}
  6702 | D:9      | Identified the +3 hunting sling of Trog's Scorn {speed, rF+
                  | Int+3} (Trog gifted it to you on level 9 of the Dungeon)
  6987 | D:9      | Found a sparkling altar of Nemelex Xobeh.
  6990 | D:9      | Found an opulent altar of Gozag.
  7442 | D:10     | Entered Level 10 of the Dungeon
  7657 | D:10     | Noticed a gargoyle
  7670 | D:10     | Killed a gargoyle
  7670 | D:10     | Reached XP level 11. HP: 45/72 MP: 8/11
  7742 | D:10     | Reached skill level 10 in Armour
  7761 | D:10     | Found a staircase to the Orcish Mines.
  7817 | D:10     | Noticed Joseph
  8147 | D:10     | Killed Joseph
  8287 | D:10     | Killed an unseen horror
  8673 | D:11     | Found a glowing golden altar of the Shining One.
  8673 | D:11     | Noticed a white ugly thing
  8698 | D:11     | Noticed a purple ugly thing
  8762 | D:11     | Noticed a soul eater
  8820 | D:11     | Noticed a two-headed ogre
  8837 | D:11     | Killed a two-headed ogre
  8845 | D:11     | Killed a white ugly thing
  9177 | D:11     | Noticed a soul eater
  9187 | D:11     | Noticed a sixfirhy
  9214 | D:11     | HP: 3/73 [troll (7)]
  9268 | D:11     | Killed an unseen horror
  9268 | D:11     | Reached skill level 11 in Armour
  9274 | D:11     | Received a gift from Trog
  9275 | D:11     | Slain by a troll

Levels and vault maps discovered:
D:1:      lemuel_arrival_hallway, layout_basic, skrybe_limestone_x
D:2:      layout_rooms, first_ration, kennysheep_flooded_box
D:3:      minmay_roachtagon, layout_rooms, marbit_many_paths, uniq_sigmund
D:4:      layout_basic, okawaru_altar_gauntlet_db,
          gammafunk_temple_overflow_wave, serial_shops, nicolae_shop_waterfront,
          nicolae_shop_window_shopping, lightli_corner_chamber
D:5:      layout_basic, kennysheep_mini_moat, nicolae_dithmenos_the_darkroom,
          basic_altar, serial_shops, nicolae_shop_trees
D:6:      layout_cave_pods
D:7:      cheibrodos_two_vegetables, layout_loops_ring, minmay_temple_entry_hall
D:8:      layout_rooms, xom_butterflies, erik_lair_orcish_takeover,
          uniq_prince_ribbit1, uniq_grum, uniq_erica
D:9:      layout_loops_corners, grunt_temple_overflow_opulence, serial_rivers,
          chequers_serial_rivers_marsh, chequers_serial_rivers_small_b,
          chequers_serial_rivers_small_3, chequers_serial_rivers_micro_b,
          chequers_serial_rivers_room_b, uniq_harold
D:10:     layout_cave_pools, orc_0_dummy, uniq_joseph
D:11:     layout_long_grid, basic_altar, hangedman_fish_farm

Skill      XL: |  1  2  3  4  5  6  7  8  9 10 11 |
---------------+----------------------------------+-----
Fighting       | 4 5 6 7 9 10 | 10.8
Dodging        | 2 |  2.9
Maces & Flails | 4 5 6 7 8 |  8.6
Throwing       | 1 |  1.5
Armour         | 3 4 6 8 9 11 | 11.0
Slings         | 1 2 3 4 6 7 |  7.8
Stealth        | |  0.3

Action                   |  1- 3 |  4- 6 |  7- 9 | 10-12 || total
-------------------------+-------+-------+-------+-------++-------
Melee: Mace              |    94 |   142 |   364 |       ||   600
       Flail             |       |       |   107 |   349 ||   456
 Fire: Hunting sling     |       |    12 |    25 |    72 ||   109
Throw: Dart              |     6 |     4 |     3 |    15 ||    28
       Stone             |       |       |    19 |       ||    19
       Boomerang         |       |       |     1 |       ||     1
Invok: Berserk           |       |     4 |    12 |    11 ||    27
       Trog's Hand       |       |       |     1 |     1 ||     2
       Brothers in Arms  |       |       |       |     1 ||     1
  Use: Potion            |       |       |     7 |     4 ||    11
       Scroll            |       |       |       |    10 ||    10
 Stab: Sleeping          |     1 |       |       |       ||     1
       Invisible         |       |       |       |     2 ||     2
  Eat: Chunk             |     1 |     7 |    22 |    20 ||    50
       Ration            |       |       |       |     1 ||     1
Armor: Animal skin       |    34 |    59 |       |       ||    93
       Chain mail        |       |    34 |   349 |   245 ||   628
       Skin              |       |       |    15 |       ||    15
       Ring mail         |       |       |       |   208 ||   208
Dodge: Dodged            |    67 |   127 |   254 |   277 ||   725
